Unix NetHack Version 3.7.0-97 Work-in-progress - last build Jan 20 2024 17:37:35 (157cf090cb53e479d994ec1a4552202481ff9585,branch:master). Game began 2024-01-21 08:52:54, ended 2024-01-22 10:40:59. elenmirie, lawful female human Knight ------------------ |...>............| ---....-----------u| |....-.|---|......@| |.--...|...|.......| |..........|.......| |....-.--.-|...<...| |.-....|...|.......| |...-....0.|.......| |.-.0.-00|.|.......| |.....0..|---------- ---.|%...| -------- Elenmirie the Bachelor St:18 Dx:11 Co:12 In:9 Wi:16 Ch:17 Lawful Dlvl:4 $:112 HP:0(61) Pw:60(60) AC:1 Xp:8/1872 T:8317 Satiated Burdened Latest messages: The lance hits the floating eye! What do you want to use or apply? [bekovwyAEGJM-OQ or ?*] b Where do you want to hit? (For instructions type a '?') You kill the floating eye! There is a floating eye corpse here; eat it? [ynq] (n) y This floating eye corpse is gamey. You finish eating the floating eye corpse. You have a little trouble lifting F - an emerald potion. What do you want to use or apply? [bekovwyAEGJM-OQ or ?*] w You put an emerald potion into the bag called sack. A mysterious force prevents the gray unicorn from teleporting! A mysterious force prevents the gray unicorn from teleporting! A mysterious force prevents the gray unicorn from teleporting! A mysterious force prevents the gray unicorn from teleporting! A mysterious force prevents the gray unicorn from teleporting! The gray unicorn butts! The gray unicorn kicks! The gray unicorn butts! The gray unicorn kicks! The gray unicorn butts! The gray unicorn kicks! The gray unicorn butts! The gray unicorn kicks! You begin bashing monsters with your lance. You miss the gray unicorn. The gray unicorn misses! The gray unicorn misses! You hit the gray unicorn. The gray unicorn butts! The gray unicorn kicks! You hit the gray unicorn. The gray unicorn just misses! The gray unicorn misses! The gray unicorn butts! The gray unicorn misses! You hit the gray unicorn. The gray unicorn butts! The gray unicorn misses! You hit the gray unicorn. The gray unicorn butts! The gray unicorn kicks! You hit the gray unicorn. The gray unicorn butts! You die... Do you want your possessions identified? [ynq] (y) y Do you want to see your attributes? [ynq] (y) y Do you want an account of creatures vanquished? [ynaq] (y) y Do you want to see your conduct and achievements? [ynq] (y) y Do you want to see the dungeon overview? [ynq] (y) y Inventory: Coins $ - 112 gold pieces Weapons j - 13 uncursed +0 darts a - the blessed rustproof +1 Excalibur (alternate weapon; not wielded) b - an uncursed +1 lance (weapon in right hand) Armor r - a blessed +1 elven leather helm d - an uncursed +0 helmet (being worn) f - an uncursed +0 pair of leather gloves (being worn) l - an uncursed +0 small shield (being worn) B - a blessed +1 dwarvish cloak (being worn) c - an uncursed +0 mummy wrapping u - an uncursed +0 elven mithril-coat (being worn) Comestibles g - 5 uncursed apples h - 12 uncursed carrots m - 7 uncursed food rations L - an uncursed lizard corpse Rings t - an uncursed ring of conflict x - a cursed ring of hunger p - a cursed ring of polymorph i - a cursed ring of see invisible z - a cursed ring of teleportation Wands N - an uncursed wand of light (0:13) v - an uncursed wand of locking (0:6) M - an uncursed wand of magic missile (0:7) y - an uncursed wand of nothing (0:2) k - an uncursed wand of polymorph (0:4) Tools w - an uncursed sack containing 20 items A - an uncursed bag of tricks (0:20) G - an uncursed brass lantern O - an uncursed can of grease (0:12) Q - an uncursed magic marker (0:82) o - an uncursed magic marker (0:51) E - an uncursed oil lamp e - an uncursed skeleton key J - an uncursed tallow candle Contents of the sack: 298 gold pieces an uncursed scroll of amnesia 5 uncursed scrolls of blank paper a cursed scroll of blank paper 2 uncursed scrolls of earth 2 uncursed scrolls of enchant weapon an uncursed scroll of fire 3 uncursed scrolls of identify an uncursed scroll of light 2 uncursed scrolls of teleportation a cursed scroll of teleportation an uncursed potion of blindness an uncursed potion of gain ability 2 uncursed potions of gain energy an uncursed potion of invisibility 3 uncursed potions of object detection a blessed potion of see invisible 2 uncursed potions of sickness an uncursed potion of water a potion of unholy water Elenmirie the Knight's attributes: Background: You were a Bachelor, a level 8 female human Knight. You were lawful, on a mission for Lugh who was opposed by Brigit (neutral) and Manannan Mac Lir (chaotic). You were right-handed. You were in Sokoban, on level 4. You entered the dungeon 8317 turns ago. You had 1872 experience points, 688 more were needed to attain level 9. Basics: You had 0 out of 61 hit points. You had all 60 energy points (spell power). Your armor class was 1. Your wallet contained 112 zorkmids, and you had 298 more stashed away in your pack. Autopickup was on for '$' plus thrown. Final Characteristics: Your strength was 18 (limit:18/100). Your dexterity was 11 (limit:18). Your constitution was 12 (limit:18). Your intelligence was 9 (limit:18). Your wisdom was 16 (peak:17, limit:18). Your charisma was 17 (limit:18). Final Status: You were satiated. You were burdened; movement was slightly slowed. You were wielding a lance. You had basic skill with lance. Final Attributes: You were piously aligned. You were fire resistant. Your items were somewhat protected from fire. You were cold resistant. Your items were somewhat protected from cold. You were shock resistant. You were telepathic. You could jump. You could teleport. You were guarded. You were fast. You are dead. Miscellaneous: You never encountered a bones level. Total elapsed playing time was 2 hours, 22 minutes and 47 seconds. Major events: Turn 1: elenmirie the lawful female human Knight entered the dungeon 811: attained the rank of Esquire (level 3) 867: entered the Gnomish Mines 3477: had Excalibur thrown at them by some watery tart 3994: attained the rank of Bachelor (level 6) 5186: reached Mine Town 6633: entered Sokoban 7015: completed 1st Sokoban level 7755: completed 2nd Sokoban level 8252: completed 3rd Sokoban level 8317: killed by a gray unicorn Vanquished creatures: a small mimic a gelatinous cube a pyrolisk a tengu a red naga a Grey-elf a watchman a giant beetle a cockatrice a winter wolf cub a lynx a leprechaun an iron piercer 2 giant spiders a horse a black light 2 vampire bats a dwarf mummy an owlbear a gold golem a Green-elf a lizard a jaguar a raven 5 human zombies 2 rope golems a soldier ant a wood nymph a water nymph 2 mountain nymphs 9 Uruk-hai 2 rock piercers 4 rock moles a pony a fog cloud 2 yellow lights a violet fungus 7 gnome leaders 2 gnomish wizards a kobold mummy 2 gray oozes 2 paper golems 3 giant ants a little dog 6 floating eyes 6 dwarves a homunculus a kobold leader 3 rothes a centipede a giant bat 2 monkeys 2 orc zombies 3 dwarf zombies a werejackal 4 iguanas 4 coyotes a gas spore 2 hobbits a hobgoblin a giant rat 2 cave spiders a brown mold a yellow mold 2 red molds 29 gnomes 6 garter snakes 3 gnome zombies 6 geckos 2 jackals a fox 2 kobolds 2 goblins 7 sewer rats 7 grid bugs 2 bats 3 lichens 11 newts 203 creatures vanquished. No species were genocided or became extinct. Voluntary challenges: You read items or engraved 2 times. You never engraved Elbereth. You never genocided any monsters. You never polymorphed an object. You never changed form. You used no wishes. You did not violate any of the special Sokoban rules. Achievements: You attained the rank of Esquire. You entered the Gnomish Mines. You entered a shop. You attained the rank of Bachelor. You entered Minetown. You entered a temple. You entered Sokoban. The Dungeons of Doom: levels 1 to 7 Level 1: A fountain. Level 2: Level 3: Level 4: A fountain. Stairs down to The Gnomish Mines. Level 5: A fountain. Level 6: Some fountains. Oracle of Delphi. Level 7: A fountain. Stairs up to Sokoban, level 6. The Gnomish Mines: levels 5 to 8 Level 5: Level 6: Level 7: Level 8: A temple and an altar, some fountains. Sokoban: levels 6 up to 4 Level 4: <- You were here. Solved. Final resting place for you, killed by a gray unicorn. Level 5: Solved. Level 6: Solved. Game over: ---------- / \ / REST \ / IN \ / PEACE \ / \ | elenmirie | | 410 Au | | killed by a gray | | unicorn | | | | | | 2024 | *| * * * | * _________)/\\_//(\/(/\)/\//\/|_)_______ Fare thee well elenmirie the Knight... You died in Sokoban on dungeon level 4 with 8217 points, and 410 pieces of gold, after 8317 moves. You were level 8 with a maximum of 61 hit points when you died.